Map: Eastwatch LE

Players

ILIEKEGGPIE

  • Race: Protoss Protoss
  • League: Platinum
  • Spawn Location: 7:00

Pashhar - Winner!

  • Race: Protoss Protoss
  • League: Platinum
  • Spawn Location: 1:00

VOD

Have the link to the VOD?

Description

Time

  • Played on: April 26, 2018, 7:24 a.m.
  • Length: 3:12
Show
View Real Time Build Order
Export as new Build Order

ILIEKEGGPIE Protoss 

Build Orders:  

Get SALT Encoding   

  12  0:00  Probe  
  13  0:12  Probe  
  14  0:18  Pylon  
  14  0:25  Probe  
  15  0:38  Gateway  
  15  0:40  Probe  
  16  0:47  Assimilator  
  16  0:52  Probe  
  17  0:59  Pylon  
  17  1:01  Probe  
  17  1:09  Probe  
  19  1:20  Gateway  
  19  1:25  Cybernetics Core  
  19  1:29  Probe  
  20  1:36  Assimilator  
  20  1:45  Probe  
  21  1:57  Probe  
  21  2:01  Stalker  
  22  2:06  Stalker  
  24  2:09  Probe  
  27  2:31  Stalker, Pylon  
  29  2:39  Probe  
  31  2:56  Pylon  
Show
View Real Time Build Order
Export as new Build Order

Pashhar Protoss - Winner!

Build Orders:  

Get SALT Encoding   

  12  0:08  Probe  
  13  0:20  Pylon, Probe  
  14  0:32  Probe  
  15  0:38  Gateway  
  15  0:41  Assimilator  
  15  0:42  Probe  
  16  0:50  Probe  
  17  0:59  Probe  
  18  1:07  Gateway  
  19  1:11  Probe  
  19  1:23  Probe  
  20  1:32  Cybernetics Core  
  20  1:38  Pylon  
  20  1:39  Assimilator  
  20  1:43  Probe  
  21  1:56  Probe  
  21  2:00  Stalker x2  
  26  2:21  Probe  
  27  2:29  Stalker x2  
  31  2:48  Pylon  
  31  3:07  Nexus  
  31  3:10  Stargate  
Tags
 
Matchup
PvP
Replay Pack
Multi
Spawn Locations
Cross Positions
Add a new tag
Caveats
  • Supply blocks, unpowered buildings, or Contaminate may cause inaccurate times.
  • Supply counts are checked every 10 seconds.